 Dungeon Crawl Stone Soup version 0.32-a0-18-g89e19f1974 (webtiles) character file.

Game seed: 12101672219809726942

31607 Destinykillz the Grappler (level 13, -6/127 HPs)
             Began as a Troll Chaos Knight on Jan 17, 2024.
             Was a Plaything of Xom.
             Mangled by a lindwurm simulacrum (20 damage)
             ... summoned by Xom
             ... in an ice cave.
             The game lasted 00:39:05 (12309 turns).

Destinykillz the Grappler (Troll Chaos Knight)     Turns: 12309, Time: 00:39:06

Health: -6/127     AC: 12    Str: 27    XL:     13   Next: 26%
Magic:  20/20      EV: 11    Int:  8    God:    Xom [......]
Gold:   1151       SH:  0    Dex:  9    Spells: 13/20 levels left

rFire   . .          .
                       - Unarmed
rCold   . . .        O - orb {light}
rNeg    . . .        J - +0 acid dragon scales
rPois   +            (helmet restricted)
rElec   .            w - +1 cloak
rCorr   +            (gloves unavailable)
SInv    .            (boots unavailable)
Will    +....        d - amulet of the acrobat
Stlth   +            t - +4 ring of slaying
HPRegen 1.21/turn    e - ring of poison resistance
MPRegen 0.17/turn

%: acrobat, clarity
@: about to teleport, frozen, glowing, very slow
A: large, unfitting armour, claws 3, regeneration 1, shaggy fur 1, tough skin 1,
horns 1, talons 1, iridescent scales 1, clarity, high MP 1, strong-willed 1,
sense surroundings 1, wild magic 2, MP-powered wands
a: Renounce Religion


You were in an ice cave.
You worshipped Xom.
You were a very special plaything of Xom.
You visited 2 branches of the dungeon, and saw 15 of its levels.
You also visited: Sewer and Ice Cave.

You collected 1151 gold pieces.

Inventory:

Hand Weapons
 u - the +10 hammer of the Eternal Warrior {drain, rElec rF+ rC- MP+9 Dex+5}
   (You found it on level 4 of the Dungeon)

   Dex+5:     It affects your dexterity (+5).
   rF+:       It protects you from fire.
   rC-:       It makes you vulnerable to cold.
   rElec:     It insulates you from electricity.
   MP+9:      It affects your magic capacity (+9).
 D - a +3 trident of freezing
Missiles
 L - 11 large rocks (quivered)
Armour
 a - a +2 robe
 w - a +1 cloak (worn)
 y - a +1 robe of fire resistance
 H - a +2 robe of positive energy
 J - +0 acid dragon scales (worn)
 O - an orb of light (worn)
 T - a +0 tower shield
Jewellery
 d - an amulet of the acrobat (around neck)
 e - a ring of poison resistance (right claw)
 t - a +4 ring of slaying (left claw)
 M - an amulet of guardian spirit
Talismans
 P - a dragon-blood talisman
Wands
 j - a wand of polymorph (5)
 l - a wand of flame (63)
 p - a wand of light (23)
 x - a wand of charming (12)
 N - a wand of mindburst (3)
 S - a wand of digging (4)
Scrolls
 b - a scroll of enchant weapon
 c - 3 scrolls of fog
 h - a scroll of teleportation
 o - 2 scrolls of immolation
 r - a scroll of identify
 v - a scroll of noise
 z - 2 scrolls of fear
 E - 2 scrolls of revelation
 F - a scroll of amnesia {unknown}
Potions
 f - a potion of might
 g - 4 potions of brilliance
 i - 5 potions of lignification
 k - a potion of berserk rage
 m - 4 potions of cancellation
 n - a potion of heal wounds
 q - 5 potions of curing
 s - a potion of enlightenment
 A - 2 potions of attraction
 B - 2 potions of invisibility
 C - a potion of resistance {unknown}
 G - a potion of ambrosia {unknown}
 Q - 2 potions of mutation {unknown}
 R - 2 potions of haste


   Skills:
 + Level 8.1 Fighting
 + Level 7.8 Dodging
 * Level 13.0 Unarmed Combat
 + Level 4.1 Spellcasting
 * Level 6.5 Air Magic
 * Level 6.7 Alchemy


You had 13 spell levels left.
You knew the following spells:

 Your Spells              Type           Power      Damage    Failure   Level
a - Mercury Vapours       Alch/Air       38%        N/A       10%         2
b - Blink                 Tloc           4%         N/A       65%         2
c - Confusing Touch       Hex            2%         N/A       85%         3

Your spell library contained the following spells:

 Spells                   Type           Power      Damage    Failure   Level
 Sting                    Conj/Alch      44%        1d5       19%         1
 Olgreb's Toxic Radiance  Alch           19%        N/A       38%         4
 Kiss of Death            Conj/Necr      8%         2d6       52%         1
 Lesser Beckoning         Tloc           4%         N/A       65%         2
 Momentum Strike          Conj/Tloc      4%         3d8       65%         2
 Summon Lightning Spire   Summ/Air       10%        N/A       82%         4
 Dazzling Flash           Conj/Hex       4%         N/A       85%         3
 Ozocubu's Armour         Ice            2%         N/A       85%         3
 Volatile Blastmotes      Fire/Tloc      4%         2d10      85%         3
 Animate Armour           Summ/Erth      4%         N/A       99%         4
 Animate Dead             Necr           2%         N/A       99%         4
 Dispel Undead            Necr           2%         3d7       99%         4
 Eringya's Noxious Bog    Alch           9%         4d6       99%         6
 Borgnjor's Vile Clutch   Necr/Erth      1%         N/A       100%        5
 Lee's Rapid Deconstruct  Erth           1%         3d4*      100%        5
 Metabolic Englaciation   Hex/Ice        1%         N/A       100%        5
 Summon Forest            Summ/Tloc      1%         N/A       100%        5
 Death Channel            Necr           1%         N/A       100%        6
 Sculpt Simulacrum        Ice/Alch       5%         N/A       100%        6
 Starburst                Conj/Fire      1%         6d3       100%        6
 Summon Hydra             Summ           1%         N/A       100%        7
 Maxwell's Capacitive Co  Air            9%         ∞         100%        8


Dungeon Overview and Level Annotations

Branches:
Dungeon (12/15)            Temple (0/1) D:7            Lair (3/5) D:10
 Shoals (0/4) Lair:2          Orc (0/2) D:12          Sewer (visited)
  IceCv (1/1)
  Snake: Lair:2-3    Spider: Lair:2-3

Altars:
Gozag
Hepliaklqana
Trog
Uskayaw
Xom

Shops:
D:2 *   D:12 [

Annotations:
D:12 2 transporters, Sirjeffry24's ghost, journeyman HOFi


Innate Abilities, Weirdness & Mutations

You are too large for most types of armour.
You have claws for hands.
Your natural rate of healing is unusually fast.
You are covered in fur. (AC +1)
You have tough skin. (AC +1)
You have a pair of small horns on your head.
You have sharp toenails.
You are partially covered in iridescent scales. (AC +2)
You possess an exceptional clarity of mind.
You have an increased reservoir of magic. (+10% MP)
You are strong-willed. (Will+)
You passively map a small area around you.
Your spells are harder to cast, but more powerful.
You expend magic power (3 MP) to strengthen your wands.


Message History

"Let's see if it's strong enough to survive yet."
You claw the lindwurm simulacrum! You claw the lindwurm simulacrum.
The lindwurm simulacrum is severely damaged.
The rime drake breathes ice at you. The icy flash freeze hits you!!
You are encased in ice.
You scratch the lindwurm simulacrum. You claw the lindwurm simulacrum.
The lindwurm simulacrum vaporises!
The acid dragon simulacrum barely misses you.
The acid dragon simulacrum claws you but does no damage.
The lindwurm simulacrum closely misses you.
The lindwurm simulacrum claws you. The lindwurm simulacrum freezes you!!
The lindwurm simulacrum closely misses you.
As you read the scroll of teleportation, it crumbles to dust.
You feel strangely unstable.
You scratch the komodo dragon simulacrum but do no damage.
You claw the komodo dragon simulacrum.
The komodo dragon simulacrum is lightly damaged.
The ice encasing you melts away.
The komodo dragon simulacrum bites you but does no damage.
The rime drake closely misses you. The lindwurm simulacrum bites you!
The lindwurm simulacrum freezes you!!
The lindwurm simulacrum claws you but does no damage.
The lindwurm simulacrum misses you. The acid dragon simulacrum bites you.
The acid dragon simulacrum freezes you! The acid dragon simulacrum misses you.
Okay, then.
You feel much better. The rime drake breathes ice at you.
The icy flash freeze hits you!
You are encased in ice.
The komodo dragon simulacrum bites you!
The komodo dragon simulacrum freezes you!!
* * * LOW HITPOINT WARNING * * *
The acid dragon simulacrum bites you but does no damage.
The acid dragon simulacrum barely misses you.
The lindwurm simulacrum bites you!
* * * LOW HITPOINT WARNING * * *
The lindwurm simulacrum freezes you!!
You die...
Xom howls with laughter!

, * * .# #####$$$##
* ##..ZkZ.$Z# , ###
#.Z#..ZZ=$.
####.###
#ZZ###.#.#.
.#.....### ##.Z.# #
...#.#...#####.#kZ#
...#####...#.##Z@##
...# ###.....Z##
..## ####.### ..##
### ...## ∩...#
....# ∩..## ..##


You could see a rime drake (catching breath), a komodo dragon simulacrum
(summoned), a lindwurm simulacrum (summoned), 2 steam dragon simulacra and 3
acid dragon simulacra.

Vanquished Creatures
  A catoblepas (Lair:3)
  Erolcha (D:9)
  3 two-headed ogres
  5 death yaks (Lair:1)
  A boulder beetle (D:12)
  Pikel (D:9)
  An oklob plant (Lair:1)
  A manticore (D:12)
  A wolf spider (Lair:1)
  3 cyclopes
  5 centaur zombies (D:9)
  5 black mambas
  A meliai (Sewer)
  2 merfolk sirens (Lair:2)
  A gargoyle (D:10)
  9 cane toads
  7 komodo dragons
  A rime drake (Lair:1)
  Psyche (D:8)
  2 trolls (D:11)
  A polar bear (Lair:1)
  A hellwing (D:9)
  A hornet (D:6)
  2 blink frogs (Lair:1)
  2 merfolk (Lair:2)
  A dream sheep (Lair:1)
  6 slime creatures (D:12)
  19 yaks
  2 wyverns (Lair:1)
  3 shadows
  3 basilisks
  2 wraiths
  Edmund (D:4)
  12 water moccasins
  2 acid dragons
  5 orc warriors
  2 black bears
  A hornet zombie (D:9)
  A crocodile (Sewer)
  2 centaurs
  A phantom (D:4)
  A lemure (D:9)
  A kobold brigand (D:8)
  9 bullfrogs
  2 scorpions (D:6)
  4 earth elementals (D:9)
  6 wights
  3 cane toad simulacra (Lair:3)
  2 howler monkeys (D:11)
  2 bombardier beetles
  A komodo dragon simulacrum (IceCv)
  4 hounds
  A jelly (D:7)
  6 orc priests
  Crazy Yiuf (D:4)
  2 sleepcaps
  6 iguanas
  20 orc wizards
  2 wolf simulacra (Lair:3)
  13 adders
  3 shadow imps (D:9)
  2 white imps (D:7)
  4 ufetubi (D:6)
  2 steam dragon simulacra (IceCv)
  2 dart slugs
  A ribbon worm (D:3)
  52 orcs
  3 endoplasms
  6 giant cockroaches
  3 goblins
  3 hobgoblins
  12 jackals
  4 quokkas
  5 ball pythons
  9 bats
  A frilled lizard (D:1)
  10 kobolds
  5 rats
  A spectral hobgoblin (D:10)
336 creatures vanquished.

Vanquished Creatures (collateral kills)
  A yak (Lair:1)
  A steam dragon (D:8)
  Blork the orc (D:6)
  An orc wizard (D:8)
  A shadow imp (D:9)
  3 orcs
  A bat (D:3)
  A kobold (D:8)
10 creatures vanquished.

Grand Total: 346 creatures vanquished

Notes
Turn   | Place    | Note
-------+----------+-------------------------------------------
     0 | D:1      | Destinykillz the Troll Chaos Knight began the quest for the
                  | Orb.
     0 | D:1      | Reached XP level 1. HP: 22/22 MP: 0/0
   163 | D:1      | XOM: silly message
   243 | D:1      | Reached XP level 2. HP: 29/29 MP: 1/1
   254 | D:1      | XOM: silly message
   336 | D:1      | XOM: scenery: create altars
   424 | D:1      | XOM: give mutations
   424 | D:1      | Gained mutation: Your spells are a little harder to cast,
                  | but a little more powerful. [Xom's grace]
   424 | D:1      | Gained mutation: Your mind is acute. (Int +4, Str/Dex -1)
                  | [Xom's grace]
   424 | D:1      | Gained mutation: You passively map a small area around you.
                  | [Xom's grace]
   424 | D:1      | Gained mutation: You are partially covered in iridescent
                  | scales. (AC +2) [Xom's grace]
   520 | D:1      | XOM: give mutations
   520 | D:1      | Gained mutation: You have a pair of small horns on your
                  | head. [Xom's grace]
   520 | D:1      | Gained mutation: You are mostly covered in iridescent
                  | scales. (AC +4) [Xom's grace]
   520 | D:1      | Gained mutation: You have sharp toenails. [Xom's grace]
   802 | D:2      | XOM: fog
   824 | D:2      | Reached XP level 3. HP: 33/36 MP: 2/2
   857 | D:2      | XOM: god gift: 2 stones
  1000 | D:2      | Found Evvism's Assorted Antiques.
  1106 | D:2      | Reached skill level 4 in Unarmed Combat
  1160 | D:3      | XOM: cast spell 'Animate Armour'
  1172 | D:3      | Reached XP level 4. HP: 44/44 MP: 3/3
  1296 | D:3      | Reached XP level 5. HP: 53/53 MP: 4/4
  1594 | D:4      | XOM is BORED!
  1594 | D:4      | XOM: noise
  1611 | D:4      | Found an opulent altar of Gozag.
  1853 | D:4      | XOM: summons 2 friendly demons
  1855 | D:4      | Noticed Edmund
  1859 | D:4      | Reached skill level 5 in Unarmed Combat
  1870 | D:4      | XOM: cast spell 'Cause Fear'
  1887 | D:4      | Killed Edmund
  1888 | D:4      | Reached XP level 6. HP: 55/61 MP: 5/5
  2112 | D:4      | Found a runed translucent door.
  2113 | D:4      | Identified the +10 hammer of the Eternal Warrior {drain,
                  | rElec rF+ rC- MP+9 Dex+5}
  2113 | D:4      | Noticed Crazy Yiuf
  2162 | D:4      | XOM is BORED!
  2172 | D:4      | Identified the +0 leather armour of Maac {rElec rF- rN+
                  | Regen+}
  2221 | D:4      | Reached skill level 6 in Unarmed Combat
  2319 | D:4      | Killed Crazy Yiuf
  2320 | D:4      | Reached XP level 7. HP: 65/68 MP: 6/6
  2367 | D:5      | Entered Level 5 of the Dungeon
  2448 | D:5      | Found a glowing drain.
  2479 | Sewer    | Entered a sewer
  2496 | Sewer    | a brain worm changed into a meliai
  2496 | Sewer    | Noticed a meliai
  2496 | Sewer    | XOM: polymorph brain worm -> meliai
  2497 | Sewer    | XOM: summons 2 friendly demons
  2504 | Sewer    | Killed a meliai
  2505 | Sewer    | Reached skill level 7 in Unarmed Combat
  2547 | Sewer    | XOM: cleaving
  2550 | Sewer    | Reached XP level 8. HP: 79/79 MP: 7/7
  2610 | D:5      | XOM: 1-stop teleportation journey
  2824 | D:5      | Reached skill level 8 in Unarmed Combat
  2826 | D:5      | Reached skill level 5 in Fighting
  2828 | D:5      | Reached skill level 5 in Dodging
  3139 | D:5      | XOM: scenery: 1 doors close
  3289 | D:6      | Reached XP level 9. HP: 78/88 MP: 8/8
  3356 | D:6      | Reached skill level 9 in Unarmed Combat
  3435 | D:6      | Learned a level 2 spell: Mercury Vapours
  3508 | D:6      | XOM: god gift: scroll of blinking
  3510 | D:6      | Thanks Xom :)
  3532 | D:6      | Noticed Blork the orc
  3532 | D:6      | XOM: summons 9 friendly demons
  3540 | D:6      | Killed Blork the orc
  3742 | D:6      | Reached skill level 1 in Alchemy
  3979 | D:6      | Reached skill level 1 in Air Magic
  4073 | D:7      | Found a staircase to the Ecumenical Temple.
  4470 | D:7      | XOM: 9-stop teleportation journey
  4513 | D:7      | XOM: silly message
  4521 | D:7      | XOM: divination: magic mapping
  4652 | D:7      | XOM: god gift: 20 gold pieces
  4747 | D:8      | Noticed Psyche
  4759 | D:8      | Found a bloodstained altar of Trog.
  4870 | D:8      | Killed Psyche
  4925 | D:8      | XOM: god gift: scroll labelled FOBIURCH XEUGH {god gift}
  5108 | D:8      | Reached skill level 1 in Spellcasting
  5156 | D:8      | XOM: 2-stop teleportation journey
  5246 | D:8      | Learned a level 2 spell: Blink
  5662 | D:8      | XOM: give mutations
  5662 | D:8      | Gained mutation: You expend magic power (3 MP) to
                  | strengthen your wands. [Xom's grace]
  5662 | D:8      | Gained mutation: Your spells are harder to cast, but more
                  | powerful. [Xom's grace]
  5662 | D:8      | Gained mutation: You have a pair of horns on your head.
                  | [Xom's grace]
  5719 | D:9      | Found a shimmering altar of Xom.
  5748 | D:9      | Noticed a hellwing
  5750 | D:9      | XOM: cast spell 'Cause Fear'
  5760 | D:9      | XOM: confuse monster(s)
  5768 | D:9      | XOM: summons friendly white imp
  5771 | D:9      | Reached XP level 10. HP: 92/98 MP: 9/11
  5777 | D:9      | Reached skill level 10 in Unarmed Combat
  5789 | D:9      | XOM: polymorph white imp -> rust devil
  5874 | D:9      | Found a hide-covered altar of Uskayaw.
  5950 | D:9      | Noticed a two-headed ogre
  5963 | D:9      | Killed a two-headed ogre
  6025 | D:9      | Learned a level 3 spell: Confusing Touch
  6034 | D:9      | XOM: noise
  6216 | D:9      | Noticed Pikel
  6226 | D:9      | Killed Pikel
  6229 | D:9      | XOM: give mutations
  6229 | D:9      | Gained mutation: You are strong-willed. (Will+) [Xom's
                  | grace]
  6229 | D:9      | Gained mutation: You are completely covered in iridescent
                  | scales. (AC +6) [Xom's grace]
  6229 | D:9      | Gained mutation: You possess an exceptional clarity of
                  | mind. [Xom's grace]
  6307 | D:9      | Noticed Erolcha
  6307 | D:9      | XOM: summons 2 friendly demons
  6311 | D:9      | Killed Erolcha
  6376 | D:9      | XOM: noise
  6395 | D:9      | XOM: 1-stop teleportation journey
  6549 | D:10     | Entered Level 10 of the Dungeon
  6582 | D:10     | XOM: blink monster(s)
  6828 | D:10     | Found a staircase to the Lair.
  6845 | D:10     | Reached XP level 11. HP: 107/107 MP: 13/13
  6909 | D:10     | Noticed a two-headed ogre
  7052 | D:10     | Found a hazy altar of Hepliaklqana.
  7254 | D:10     | Killed a two-headed ogre
  7477 | D:10     | Found a hazy altar of Hepliaklqana.
  7591 | D:10     | Found a staircase to the Lair.
  8090 | D:11     | Noticed a two-headed ogre
  8092 | D:11     | XOM: potion effect (haste)
  8096 | D:11     | Killed a two-headed ogre
  8097 | D:11     | Reached skill level 11 in Unarmed Combat
  8204 | D:11     | XOM: give mutations
  8204 | D:11     | Gained mutation: You have an increased reservoir of magic.
                  | (+10% MP) [Xom's mischief]
  8204 | D:11     | Lost mutation: You are completely covered in iridescent
                  | scales. (AC +6) [Xom's mischief]
  8204 | D:11     | Lost mutation: You have a pair of horns on your head.
                  | [Xom's mischief]
  8204 | D:11     | Lost mutation: Your mind is acute. (Int +4, Str/Dex -1)
                  | [Xom's mischief]
  8281 | D:11     | XOM: fog
  8581 | D:12     | Found a transporter.
  8583 | D:12     | Found a transporter.
  8586 | D:12     | Found a bloodstained altar of Trog.
  8586 | D:12     | Noticed Sirjeffry24's ghost (journeyman HOFi)
  8588 | D:12     | Noticed a tengu warrior
  8591 | D:12     | Noticed an orc knight
  8595 | D:12     | XOM is BORED!
  8595 | D:12     | XOM: 1-stop teleportation journey
  8597 | D:12     | XOM: fog
  8601 | D:12     | Reached skill level 5 in Alchemy
  8752 | D:12     | Found Jaef's Armour Boutique.
  8753 | D:12     | Found a staircase to the Orcish Mines.
  8792 | D:12     | XOM: enchant monster (bad)
  8793 | D:12     | XOM: 3-stop teleportation journey
  8956 | D:12     | XOM: fog
  8979 | D:12     | Reached skill level 5 in Air Magic
  9364 | D:12     | XOM: give mutation
  9364 | D:12     | Lost mutation: You are mostly covered in iridescent scales.
                  | (AC +4) [Xom's mischief]
  9560 | D:12     | Noticed a boulder beetle
  9560 | D:12     | XOM: summons friendly iron imp
  9589 | D:12     | Killed a boulder beetle
  9590 | D:12     | Reached XP level 12. HP: 63/118 MP: 17/17
  9743 | D:12     | XOM: silly message
  9805 | Lair:1   | Entered Level 1 of the Lair of Beasts
  9827 | Lair:1   | XOM: confuse monster(s)
  9868 | Lair:1   | XOM: silly message
  9932 | Lair:1   | Reached skill level 12 in Unarmed Combat
  9951 | Lair:1   | XOM: silly message
  9952 | Lair:1   | XOM: cleaving
  9952 | Lair:1   | Noticed a death yak
 10230 | Lair:1   | Noticed a death yak
 10236 | Lair:1   | Killed a death yak
 10239 | Lair:1   | a death yak changed into a wolf spider
 10239 | Lair:1   | XOM: polymorph death yak -> wolf spider
 10489 | Lair:1   | XOM: destruction
 10493 | Lair:1   | XOM: polymorph blink frog -> orc
 10513 | Lair:1   | XOM: summons friendly quasit
 10540 | Lair:1   | Noticed a death yak
 10543 | Lair:1   | XOM: noise
 10550 | Lair:1   | Noticed a death yak
 10551 | Lair:1   | Noticed a death yak
 10552 | Lair:1   | XOM: cleaving
 10552 | Lair:1   | Noticed a death yak
 10566 | Lair:1   | Killed a death yak
 10570 | Lair:1   | XOM: potion effect (brilliance)
 10571 | Lair:1   | Killed a death yak
 10573 | Lair:1   | XOM: confuse monster(s)
 10578 | Lair:1   | Killed a death yak
 10586 | Lair:1   | Killed a death yak
 10608 | Lair:1   | XOM: summons friendly iron imp
 10634 | Lair:1   | XOM: polymorph iron imp -> ufetubus
 10710 | Lair:1   | XOM: polymorph ufetubus -> crimson imp
 10843 | Lair:1   | XOM: cloud trail
 10900 | Lair:1   | XOM: god gift: club {god gift}
 11100 | Lair:1   | XOM: cloud trail
 11108 | Lair:1   | XOM: confuse monster(s)
 11114 | Lair:1   | XOM: divination: detect items
 11184 | Lair:2   | XOM: chaos cloud
 11188 | Lair:2   | Reached XP level 13. HP: 117/127 MP: 19/19
 11268 | Lair:2   | XOM: cleaving
 11327 | Lair:2   | Identified the +8 quarterstaff of Ocumyhut {flame, rCorr}
 11379 | Lair:2   | XOM: fake destruction
 11407 | Lair:2   | XOM: cloud trail
 11424 | Lair:2   | XOM: cast spell 'Summon Hydra'
 11546 | Lair:2   | Found a staircase to the Shoals.
 11555 | Lair:2   | XOM: summons friendly shadow imp
 11607 | Lair:2   | XOM: scenery: 2 doors close
 11629 | Lair:2   | XOM: polymorph shadow imp -> iron imp
 11863 | Lair:2   | XOM: destruction
 11928 | Lair:2   | XOM: scenery: create altars
 11995 | Lair:2   | XOM: god gift: 4 stones
 12028 | Lair:3   | Found a frozen archway.
 12030 | Lair:2   | XOM: torment (54/127 hp)
 12181 | Lair:3   | Reached skill level 13 in Unarmed Combat
 12196 | IceCv    | Entered an ice cave
 12304 | IceCv    | XOM: summons 4 hostile shadow creatures
 12309 | IceCv    | Mangled by a lindwurm simulacrum

Illustrated notes

,
#...#############.#
#..................
#...###############
* * ##.## * #.#
*#.## # * , #.÷# #
* #.###.##########
# *
#...@..........#
### ,
#####.########.#
#.. , , #.# #.# #.#
* , #.# #.# #.# *
#># ######.####.# *
########## #.#
#............
#≈≈≈≈≈≈≈≈# #.#
#.#######.... *
#≈......≈# #.###.#
##.... * #≈.8♣♣8.≈#
#.....# #.....


Turn 3510 on D:6: Thanks Xom :)

Levels and vault maps discovered:
D:1:      amcnicky_arrival_double_pillar, layout_loops_cross
D:2:      layout_basic, serial_shops, nicolae_shop_peninsula,
          grunt_ministairs_11
D:3:      layout_rooms
D:4:      layout_gridville, nicolae_gozag_cash_rules_everything_around_me,
          grunt_tough_drop, uniq_edmund, uniq_crazy_yiuf_cottage
D:5:      layout_basic, gup_sewer_entry_glass, nicolae_half_adder
D:6:      layout_loops_ring, hangedman_decor_opposing,
          kennysheep_generic_room_6, uniq_blork_the_orc
D:7:      layout_basic, minmay_temple_entry_sparse_star
D:8:      layout_basic, mainiacjoe_overflow_brackets, uniq_psyche
D:9:      cheibrodos_grave_circle, layout_irregular_city,
          nicolae_uskayaw_dance_hall, mainiacjoe_overflow_tiny_flanked,
          uniq_erolcha, uniq_pikel
D:10:     minmay_stone_box, layout_stronghold,
          nicolae_hepliaklqana_monster_ancestors, david_lair_shrubbed
D:11:     layout_roguey
D:12:     layout_basic, orc_david_3, gammafunk_ghost_wrathful_warriors
Lair:1:   layout_long_grid, minmay_lair_oklob_bushes, nzn_random_ring
Lair:2:   layout_long_grid, elwin_shoals_entry_stream, grunt_megastairs_4,
          infiniplex_staircase_pool_2
Lair:3:   layout_long_grid, guppyfry_snake_entry_garden,
          portal_ice_cave_entry_ice_simulacra, chequers_serial_rivers_small_3,
          beast_lair_carwin_6
IceCv:    ice_cave_small_dragons

Skill      XL: |  1  2  3  4  5  6  7  8  9 10 11 12 13 |
---------------+----------------------------------------+-----
Dodging        | 2 3 4 5 6 7 |  7.8
Unarmed Combat | 4 5 6 7 8 9 10 11 12 13 | 13.0
Fighting       | 3 4 5 6 7 8 |  8.1
Alchemy        | 2 4 5 6 |  6.7
Air Magic      | 2 3 5 6 |  6.5
Spellcasting   | 1 2 3 4 |  4.1

Action                     |  1- 3 |  4- 6 |  7- 9 | 10-12 | 13-15 || total
---------------------------+-------+-------+-------+-------+-------++-------
  Melee: Unarmed           |    71 |    74 |   177 |   405 |    85 ||   812
         Punch             |     1 |     4 |     9 |     5 |       ||    19
         Kick              |     5 |    13 |    40 |   169 |    38 ||   265
         Headbutt          |     2 |    10 |    20 |   108 |    23 ||   163
   Cast: Mercury Vapours   |       |       |       |     5 |       ||     5
         Blink             |       |       |       |     1 |       ||     1
  Evoke: Wand              |       |       |       |     1 |     4 ||     5
    Use: Scroll            |       |     5 |     8 |    13 |     2 ||    28
         Potion            |       |     1 |     1 |     5 |     1 ||     8
 Armour: Robe              |    37 |    31 |   120 |   103 |       ||   291
         Skin              |       |       |     8 |       |       ||     8
         Acid dragon scale |       |       |       |   179 |    56 ||   235
  Dodge: Dodged            |    36 |    30 |   127 |   200 |    67 ||   460

Table legend: (Time is in decaauts)
 A = Elapsed time spent in this place.
 B = Non-inter-level travel time spent in this place.
 C = Inter-level travel time spent in this place.
 D = Time resting spent in this place.
 E = Time spent auto-exploring this place.
 F = Levels seen in this place.
 G = Mean time per level.
                   A        B        C        D        E       F      G
               +--------+--------+--------+--------+--------+-----+--------+
         Total |  12093 |  11465 |    628 |    524 |   8765 |  17 |  711.4 |
       Dungeon |   9547 |   8959 |    588 |    252 |   7086 |  12 |  795.6 |
          Lair |   2325 |   2286 |     39 |    271 |   1529 |   3 |  775.0 |
         Sewer |    110 |    110 |      0 |      0 |     56 |   1 |  110.0 |
      Ice Cave |    111 |    111 |      0 |      0 |     94 |   1 |  111.0 |
               +--------+--------+--------+--------+--------+-----+--------+

Top non-repeatable levels by time:
    D:10: 1361 daAuts
  Lair:1: 1334 daAuts
    D:12: 1166 daAuts
     D:8: 966 daAuts
     D:9: 962 daAuts
  Lair:2: 888 daAuts
     D:1: 796 daAuts
     D:4: 781 daAuts
     D:6: 756 daAuts
     D:7: 743 daAuts
     D:5: 708 daAuts
    D:11: 532 daAuts
     D:3: 421 daAuts
     D:2: 352 daAuts
   IceCv: 111 daAuts
